General information
- name: grudge
- type: Custom game
- host: TIMG4STRok
- saver: TIMG4STRok
map: EchoIsles
- players: 2
- length: 05:46
- speed: Fast
- version: 1.24 W3XP
- replay type:

» download(24 KB)
Players
team 1 (winner)
TIMG4STRok (
gray | 170 APM | 979 actions | 05:46)
2 Warden
1 Shadow Strike
1 Blink
» actions
| Assign group hotkey | 12 | |
| Basic commands | 20 | |
| Build / train | 21 | |
| Enter build submenu | 6 | |
| Enter hero's abilities submenu | 2 | |
| Right click | 473 | |
| Select / deselect | 92 | |
| Select group hotkey | 335 | |
| Use ability | 18 | |
979 total
» units
» buildings
| Altar of Elders | 1 | |
| Moon Well | 3 | |
| Ancient of War | 1 | |
| Tree of Ages | 1 | |
| Hunter's Hall | 1 | |
7 total
» build order
00:04 Altar of Elders
00:18 Moon Well
00:26 Ancient of War
01:37 Moon Well
02:04 Moon Well
03:25 Tree of Ages
03:53 Hunter's Hall
team 2 (loser)
ENDOZERO (
blue | 159 APM | 915 actions | 05:45)
1 Death Knight
1 Death Coil
» actions
| Assign group hotkey | 47 | |
| Basic commands | 25 | |
| Build / train | 28 | |
| ESC pressed | 3 | |
| Enter build submenu | 9 | |
| Enter hero's abilities submenu | 1 | |
| Right click | 276 | |
| Select / deselect | 116 | |
| Select group hotkey | 391 | |
| Use ability | 19 | |
915 total
» units
» buildings
| Crypt | 3 | |
| Altar of Darkness | 1 | |
| Ziggurat | 3 | |
| Tomb of Relics | 1 | |
8 total
» build order
00:04 Crypt
00:07 Altar of Darkness
00:11 Crypt
00:25 Ziggurat
01:01 Tomb of Relics
01:39 Ziggurat
03:10 Crypt
04:50 Ziggurat
» items
| Rod of Necromancy | 5 | |
| Dust of Appearance | 3 | |
8 total
Chat log
(02:22 / All) TIMG4STRok: gj
(02:32 / All) ENDOZERO: ur gonna talk shit after u got rolled in 3's?
(02:40 / All) TIMG4STRok: after i have 50% noob ud on my team?
(02:42 / All) TIMG4STRok: you are trash
(02:43 / All) TIMG4STRok: relax
(02:55 / All) ENDOZERO: all the excuses couldnt save you from that rape
(03:00 / All) TIMG4STRok: you ever play a 1v1 before?
(04:03 / All) TIMG4STRok: i love when noobs ghoul garg
(05:34 / All) TIMG4STRok: l
(05:35 / All) TIMG4STRok: o
(05:36 / All) TIMG4STRok: l
(05:44 / All) ENDOZERO: ur no where near good kid